 Dungeon Crawl Stone Soup version 0.19.0-20-gbc5f0c6 (webtiles) character file.

12896 Gargo the Thaumaturge (level 12, 0/70 HPs)
             Began as a Gargoyle Earth Elementalist on Nov 16, 2016.
             Was a Priest of Vehumet.
             Killed by Ozocubu's Refrigeration
             ... invoked by Fannar
              (15 damage)
             ... on level 10 of the Dungeon.
             The game lasted 03:13:26 (18211 turns).

Gargo the Thaumaturge (GrEE)                       Turns: 18211, Time: 03:13:27

Health: 0/70       AC: 24    Str: 13    XL:     12   Next: 0%
Magic:  3/25       EV: 14    Int: 20    God:    Vehumet [***...]
Gold:   584        SH:  0    Dex: 13    Spells: 5 memorised, 18 levels left

rFire  . . .     SeeInvis .     a - +1 flail (protect)
rCold  . . .     Gourm    +     P - +0 leather armour
rNeg   + + .     Faith    .     (no shield)
rPois  ∞         Spirit   .     G - +0 helmet
rElec  +         Reflect  .     C - +0 cloak
rCorr  .         Harm     .     (no gloves)
MR     .....                    F - +1 pair of boots
Stlth  ++........               V - amulet of the gourmand
                                c - ring of positive energy
                                e - +3 ring of dexterity

@: protection aura
A: negative energy resistance 1, electricity resistance, unbreathing,
petrification resistance, rot immunity, AC +8
a: Renounce Religion


You were on level 10 of the Dungeon.
You worshipped Vehumet.
Vehumet was most pleased with you.
You were very full.

You visited 4 branches of the dungeon, and saw 14 of its levels.
You also visited: Ossuary.

You collected 584 gold pieces.

Inventory:

Hand Weapons
 a - a +1 flail of protection (weapon)
 h - a +2 whip of freezing
 i - a +0 blowgun
 j - a +1 dagger of venom
Missiles
 b - 48 stones (quivered)
 d - 23 sling bullets
 s - 30 poisoned needles
 D - 5 needles of confusion
Armour
 C - a +0 cloak (worn)
 F - a +1 pair of boots (worn)
 G - a +0 helmet (worn)
 H - the +1 buckler "Zuvaik" {rElec rPois rCorr Int-2}
   (You found it on level 7 of the Dungeon)

   It affects your intelligence (-2).
   It insulates you from electricity.
   It protects you from poison.
   It protects you from acid and corrosion.
 P - a +0 leather armour (worn)
Jewellery
 c - a ring of positive energy (right hand)
 e - a +3 ring of dexterity (left hand)
 V - an amulet of the gourmand (around neck)
Scrolls
 g - 2 scrolls of magic mapping
 p - a scroll of blinking
 Z - 2 scrolls of teleportation
Potions
 k - a potion of magic
 l - 2 potions of curing
 E - a potion of heal wounds
 S - a potion of invisibility
Books
 f - a book of Battle

   Spells                             Type                      Level
   a - Infusion                       Charms                       1
   b - Shroud of Golubria             Charms/Translocation         2
   c - Song of Slaying                Charms                       2
   d - Spectral Weapon                Hexes/Charms                 3
   e - Regeneration                   Charms/Necromancy            3


   Skills:
 + Level 6.0 Fighting
 + Level 5.2 Maces & Flails
 + Level 5.6 Armour
 + Level 4.6 Dodging
 - Level 2.1 Stealth
 + Level 2.3 Shields
 * Level 9.5 Spellcasting
 + Level 7.4 Conjurations
 - Level 0.7 Transmutations
 + Level 4.0 Fire Magic
 + Level 9.1 Earth Magic
   Level 4.0 Evocations


You had 18 spell levels left.
You knew the following spells:

 Your Spells              Type           Power        Failure   Level  Hunger
a - Sandblast             Erth           #####.       1%          1    None
b - Passwall              Tmut/Erth      ####......   1%          2    None
c - Lee's Rapid Deconstr  Erth           #####.....   2%          5    #####..
d - Flame Tongue          Conj/Fire      ####.        1%          1    None
A - Stone Arrow           Conj/Erth      #####.       1%          3    None


Dungeon Overview and Level Annotations

Branches:
Dungeon (11/15)            Temple (1/1) D:6            Lair (1/6) D:10
    Orc (1/2) D:9

Altars:
Ashenzari
Cheibriados
Dithmenos
Elyvilon
Fedhas
Gozag
Hepliaklqana
Kikubaaqudgha
Makhleb
Nemelex Xobeh
Okawaru
Qazlal
Ru
Sif Muna
Trog
Uskayaw
Vehumet
Xom
Yredelemnul
Zin
The Shining One
Beogh

Shops:
D:5 *

Annotations:
D:10 Fannar


Innate Abilities, Weirdness & Mutations

You are resistant to torment.
Your stone body is resilient. (AC +8)
You are immune to poison.
You resist negative energy. (rN+)
You are resistant to electric shocks. (rElec)
You can survive without breathing.
You are immune to petrification.
You are immune to rotting.


Message History

The stone arrow misses Fannar.
Fannar hits you but does no damage.
You hit Fannar.
Fannar is moderately wounded.
Fannar gestures wildly while chanting.
Fannar mumbles some strange words.
Fannar drains the heat from the surrounding environment!
You feel very cold.
Fannar is frozen.
Fannar resists.
Fannar is heavily wounded.
The ice beast hits you but does no damage.
Fannar gestures wildly while chanting.
Fannar drains the heat from the surrounding environment!
You feel very cold.
* * * LOW HITPOINT WARNING * * *
Fannar is frozen.
Fannar resists.
Fannar is heavily wounded.
The ice beast misses you.
Fannar gestures wildly while chanting.
Fannar drains the heat from the surrounding environment!
You feel very cold.
You die...

##.######.# #.# #.#
#.# #.# #.# #.# .$#
#.# #.# #.# #.# #.#
#e#
##.######.########.#
.................Y.#
...######..........#
...# #.......@..#
...# #..........#
...# #..........#
.[.# #..........#
..[# #..........#
##.######..........#
#.................#
#.[.........#####.#
#...........#


You could see Fannar and an ice beast.

Vanquished Creatures
  Erica (D:8)
  2 hill giants
  Pikel (D:7)
  A gargoyle (D:10)
  3 kobold demonologists (D:10)
  2 hippogriffs
  Sigmund (D:3)
  The ghost of Alakolaz the Covert, an amateur SpAs of Dithmenos (D:4)
  A spriggan (D:7)
  10 yaks (D:10)
  A basilisk (D:10)
  Grum (D:10)
  2 hungry ghosts
  2 water moccasins
  2 slaves (D:7)
  8 orc warriors
  4 porcupines
  A hornet zombie (D:8)
  An ice beast (D:7)
  2 sky beasts
  2 black bears (D:7)
  6 ogres
  2 phantoms
  10 wolves
  3 centaurs
  5 crocodiles
  3 big kobolds
  4 elf zombies (Ossuary)
  4 bullfrogs
  A wyvern skeleton (D:10)
  6 scorpions
  8 howler monkeys
  5 crimson imps
  3 centaur zombies
  A hound (D:6)
  6 human zombies (Ossuary)
  6 orc priests
  A centaur skeleton (D:7)
  2 jellies
  An orc wizard (D:11)
  Jessica (D:2)
  Natasha (thrice) (D:3)
  Terence (D:2)
  5 iguanas
  7 worker ants
  A hound zombie (D:6)
  A hound skeleton (D:10)
  3 mummies (Ossuary)
  5 adders
  11 gnolls
  4 river rats
  4 shadow imps
  An adder zombie (D:6)
  3 adder skeletons
  A worm (D:2)
  5 dart slugs
  7 leopard geckos
  38 orcs
  5 bats
  5 giant cockroaches
  11 goblins
  10 hobgoblins
  31 jackals
  5 quokkas
  4 ball pythons
  7 frilled lizards
  2 jackal zombies
  13 kobolds
  A leopard gecko skeleton (D:5)
  6 rats
327 creatures vanquished.

Vanquished Creatures (others)
  A slave (D:7)
  A worker ant (D:7)
  2 fungi (D:10)
  9 plants
13 creatures vanquished.

Grand Total: 340 creatures vanquished

Notes
Turn   | Place    | Note
-------+----------+-------------------------------------------
     0 | D:1      | Gargo the Gargoyle Earth Elementalist began the quest for the Orb.
     0 | D:1      | Reached XP level 1. HP: 10/10 MP: 3/3
   206 | D:1      | Reached XP level 2. HP: 15/15 MP: 3/5
   210 | D:1      | Learned a level 2 spell: Passwall
   875 | D:1      | Reached XP level 3. HP: 19/19 MP: 1/7
   902 | D:1      | Learned a level 3 spell: Stone Arrow
  1643 | D:1      | Reached XP level 4. HP: 19/24 MP: 5/8
  1860 | D:3      | Found a shattered altar of Ashenzari.
  1913 | D:2      | Noticed Jessica
  1915 | D:2      | Killed Jessica
  2261 | D:2      | Reached skill level 1 in Conjurations
  2427 | D:3      | Reached XP level 5. HP: 28/28 MP: 4/10
  2506 | D:2      | Found a shadowy altar of Dithmenos.
  2514 | D:2      | Found a stormy altar of Qazlal.
  2598 | D:2      | Noticed Terence
  3480 | D:3      | Noticed Natasha
  3510 | D:3      | Killed Natasha
  3630 | D:3      | Noticed Natasha
  3646 | D:3      | Killed Natasha
  3646 | D:3      | Reached skill level 5 in Earth Magic
  3749 | D:4      | Found a sand-covered staircase.
  3753 | Ossuary  | Entered an ossuary
  3867 | Ossuary  | Reached XP level 6. HP: 18/32 MP: 0/12
  4397 | Ossuary  | Reached skill level 5 in Spellcasting
  4397 | Ossuary  | Reached XP level 7. HP: 26/36 MP: 0/14
  5204 | D:3      | Found a basalt altar of Yredelemnul.
  5668 | D:3      | Noticed Natasha
  5672 | D:3      | Killed Natasha
  5690 | D:3      | Noticed Sigmund
  5733 | D:3      | Killed Sigmund
  5733 | D:3      | Reached skill level 1 in Armour
  5733 | D:3      | Reached XP level 8. HP: 35/42 MP: 8/17
  5902 | D:2      | Killed Terence
  6186 | D:4      | Got a warped hand axe
  6224 | D:5      | Entered Level 5 of the Dungeon
  6231 | D:5      | Reached skill level 1 in Fighting
  6288 | D:4      | Noticed Alakolaz's ghost (amateur SpAs)
  6300 | D:4      | Killed Alakolaz's ghost
  6300 | D:4      | Reached skill level 1 in Maces & Flails
  6670 | D:4      | Found a hazy altar of Hepliaklqana.
  6730 | D:4      | Learned a level 5 spell: Lee's Rapid Deconstruction
  6762 | D:4      | Found a shimmering altar of Xom.
  7088 | D:5      | Found Gozag's Platinum Reserve.
  7094 | D:5      | Found an opulent altar of Gozag.
  7502 | D:5      | Reached skill level 1 in Evocations
  7738 | D:6      | Found a hide-covered altar of Uskayaw.
  7748 | D:6      | Reached XP level 9. HP: 49/49 MP: 9/19
  7954 | D:7      | Found a burning altar of Makhleb.
  8658 | D:6      | Found a staircase to the Ecumenical Temple.
  8663 | Temple   | Entered the Ecumenical Temple
  8836 | Temple   | Became a worshipper of Vehumet
  9021 | D:6      | Found an ancient bone altar of Kikubaaqudgha.
  9022 | D:6      | Found a blossoming altar of Fedhas.
  9253 | D:7      | Reached skill level 5 in Conjurations
  9682 | D:7      | Reached * piety under Vehumet
  9682 | D:7      | Offered knowledge of Flame Tongue by Vehumet.
  9685 | D:7      | Learned a level 1 spell: Flame Tongue
  9686 | D:7      | Noticed Pikel
 10199 | D:7      | Found a deep blue altar of Sif Muna.
 10614 | D:7      | Killed Pikel
 10614 | D:7      | Reached skill level 1 in Fire Magic
 10614 | D:7      | Reached XP level 10. HP: 51/56 MP: 8/21
 10701 | D:7      | Got an ichor-stained buckler
 10707 | D:7      | Identified the +1 buckler "Zuvaik" {rElec rPois rCorr Int-2} (You found it on level 7 of the Dungeon)
 11242 | D:8      | Noticed Erica
 11272 | D:8      | Killed Erica
 11272 | D:8      | Reached skill level 1 in Shields
 12385 | D:8      | Offered knowledge of Magic Dart by Vehumet.
 12392 | D:8      | Reached ** piety under Vehumet
 12426 | D:8      | Found Viacryes's Magic Scroll Emporium.
 12786 | D:10     | Entered Level 10 of the Dungeon
 13366 | D:9      | Found a sparkling altar of Nemelex Xobeh.
 13367 | D:9      | Noticed a frost giant
 13476 | D:9      | Found a roughly hewn altar of Beogh.
 13476 | D:9      | Found a staircase to the Orcish Mines.
 14180 | Orc:1    | Entered Level 1 of the Orcish Mines
 14180 | Orc:1    | Noticed an orc high priest
 14282 | D:10     | Reached skill level 5 in Fighting
 14289 | D:10     | Reached XP level 11. HP: 44/63 MP: 3/23
 14354 | D:10     | HP: 3/63 [orc priest/divine providence (14)]
 15236 | D:10     | Noticed Grum
 15298 | D:10     | Killed Grum
 15298 | D:10     | Offered knowledge of Static Discharge by Vehumet.
 15607 | D:10     | Reached *** piety under Vehumet
 15695 | D:10     | Noticed a hill giant
 15704 | D:10     | Noticed a hill giant
 15872 | D:9      | Killed a hill giant
 16322 | D:10     | Reached skill level 5 in Armour
 16796 | D:10     | Found a staircase to the Lair.
 16808 | D:10     | Killed a hill giant
 16852 | D:10     | Offered knowledge of Airstrike by Vehumet.
 17046 | Lair:1   | Entered Level 1 of the Lair of Beasts
 17072 | Lair:1   | Reached skill level 5 in Maces & Flails
 17648 | D:10     | Noticed a soul eater
 17688 | D:10     | Noticed a soul eater
 18159 | D:10     | Reached XP level 12. HP: 70/70 MP: 20/25
 18196 | D:10     | Noticed Fannar
 18211 | D:10     | Killed from afar by Fannar

Skill      XL: |  1  2  3  4  5  6  7  8  9 10 11 |
---------------+----------------------------------+-----
Earth Magic    | 4 5 6 7 8 9 |  9.1
Spellcasting   | 3 4 5 6 7 8 9 |  9.5
Conjurations   | 1 2 3 4 5 6 7 |  7.4
Armour         | 1 2 4 5 |  5.6
Dodging        | 2 3 4 |  4.6
Fighting       | 2 3 5 6 |  6.0
Maces & Flails | 2 3 4 5 |  5.2
Evocations     | 1 2 3 4 |  4.0
Fire Magic     | 1 2 4 |  4.0
Shields        | 2 |  2.3
Stealth        | |  2.1
Transmutations | |  0.7

Action                   |  1- 3 |  4- 6 |  7- 9 | 10-12 || total
-------------------------+-------+-------+-------+-------++-------
Melee: Unarmed           |     6 |       |       |       ||     6
       Club              |    16 |       |       |       ||    16
       Short sword       |     9 |    69 |    95 |       ||   173
       Mace              |       |       |    23 |       ||    23
       Whip              |       |       |       |    27 ||    27
       Flail             |       |       |       |     4 ||     4
 Fire: Blowgun           |       |       |    79 |    76 ||   155
Throw: Stone             |       |       |       |    13 ||    13
 Cast: Sandblast         |    87 |   187 |   368 |   350 ||   992
       Stone Arrow       |       |       |    36 |   111 ||   147
       Flame Tongue      |       |       |     4 |   105 ||   109
       Lee's Rapid Decon |       |       |       |     6 ||     6
  Use: Scroll            |       |     6 |    16 |     7 ||    29
       Potion            |       |     3 |     1 |     5 ||     9
 Stab: Sleeping          |     4 |       |     1 |     2 ||     7
  Eat: Chunk             |     3 |     6 |    35 |    22 ||    66
       Fruit             |       |     2 |       |       ||     2
       Bread ration      |       |       |     1 |       ||     1
Armor: Robe              |    47 |    52 |    54 |       ||   153
       Leather armour    |       |       |    99 |   146 ||   245
Dodge: Dodged            |    74 |    91 |   223 |   256 ||   644
